[Event "Masters Tournament (MTO)"]
[Site "Biel, Switzerland"]
[Date "2026.07.15"]
[Round "3.45"]
[White "Rosen, Noah"]
[Black "Celis, Joel"]
[Result "1-0"]
[TimeControl "100+30+30sec/move"]
[WhiteTitle "-"]
[BlackTitle "-"]
[WhiteFideId "1356267"]
[BlackFideId "15400212"]
[WhiteElo "1921"]
[BlackElo "1981"]

1. e4 c5 2. Nf3 Nc6 3. Bb5 g6 4. Bxc6 dxc6 5. d3 Bg7 6. h3 Nf6 7. Nc3 O-O 8. O-O Qc7 9. Be3 b6 10.
a4 a5 11. Qd2 Ba6 12. Bh6 Rad8 13. Bxg7 Kxg7 14. e5 Nd5 15. Ne4 c4 16. d4 c3 17. bxc3 Bxf1 18. Kxf1 Qd7 19. c4 Nc7 20.
c3 h6 21. Nh2 Qf5 22. Qe3 Ne6 23. Ng4 Qf4 24. Qe2 h5 25. g3 Qf5 26. Kg2 Nxd4 27. cxd4 Rxd4 28. Ngf6 exf6 29. exf6+ Kh8 30.
f3 Rxe4 31. Qxe4 Qxf6 32. Rd1 Kh7 33.
Rd7 c5 34. Rd5 Kg7 35. h4 Rc8 36. Rd7 Rc6 37. Qd3 Re6 38. Qc2 Re1 39. Rd2 Qe5 40. Qb2 Qxb2 41. Rxb2 Ra1 42. Rxb6 Rxa4 43.
Rb5 Rxc4 44. Rxa5 Kf6 45. Kf2 Ke5 46. Ra8 Rc2+ 47. Ke3 Rc3+ 48. Ke2 c4 49. Re8+ Kf5 50. Re4 f6 51. Re8 Rc2+ 52.
Ke3 Rc1 53. Rc8 c3 54. Rc5+ Ke6 55. Kd3 Rd1+ 56. Ke2 Rd2+ 57. Ke3 Rc2 58. Kd3 Rd2+ 59. Ke3 Rc2 60. Kd3 Rg2 61. Rxc3 Rxg3 62.
Ke2 Ke5 63. Kf2 Rh3 64. f4+ Kxf4 65. Rxh3 Kg4 66. Rh1 g5 67. hxg5 fxg5 68. Kg2 h4 69. Ra1 h3+ 70. Kh2 Kh4 71.
Ra3 g4 72. Rb3 1-0

[Event "Masters Tournament (MTO)"]
[Site "Biel, Switzerland"]
[Date "2026.07.15"]
[Round "3.46"]
[White "Alsaleh, Eissa"]
[Black "Wiesmann, Dominique"]
[Result "1/2-1/2"]
[TimeControl "100+30+30sec/move"]
[WhiteTitle "-"]
[BlackTitle "-"]
[WhiteFideId "10312463"]
[BlackFideId "1308262"]
[WhiteElo "1908"]
[BlackElo "1978"]

1. e4 c6 2. d4 d5 3. Nc3 dxe4 4. Nxe4 Nf6 5. Nxf6+ gxf6 6. c3 Qd5 7. Qf3 Bf5 8. Qxd5 cxd5 9.
Bf4 Nc6 10. Nf3 a6 11. Nh4 Bg6 12. O-O-O e6 13. c4 Nb4 14. a3 Nc6 15. cxd5 exd5 16. Bd3 Rc8 17. Kb1 Be7 18. Bf5 Bxf5+ 19. Nxf5 Kd7 20. Ne3 Rhg8 21. Nxd5 Bd8 22. Bg3 f5 23. Rhe1 h5 24. h4 Rg4 25. Ne3 Re4 26. Nxf5 Rxe1 27.
Rxe1 Bf6 28. Be5 Be7 29. Nxe7 Nxe7 30. Rc1 Nc6 31. Bg3 Ke6 32. Rc5 Rd8 33. Rxh5 Nxd4 34. Re5+ Kf6 35. h5 Nf5 36.
Bh2 Rg8 37. Re4 Rxg2 38. Bg3 Rg1+ 39. Ka2 Rh1 40. Rb4 b5 41. a4 Nxg3 42. fxg3 Rxh5 43. axb5 Rxb5 44. Kb3 Kg5 45. Rxb5+ axb5 46.
Kb4 Kg4 47. Kxb5 f5 48. Kc6 Kxg3 49. b4 f4 1/2-1/2